 Dungeon Crawl Stone Soup version 0.23.0-3-gf3c87f2 (console) character file.

Game seed: 11186938436262474038

82 fly the Skirmisher (level 4, 0/49 HPs)
             Began as an Ogre Hunter on Feb 22, 2019.
             Slain by a phantom (10 damage)
             ... on level 4 of the Dungeon.
             The game lasted 00:04:42 (3233 turns).

fly the Skirmisher (Ogre Hunter)                    Turns: 3233, Time: 00:04:43

Health: 0/49       AC:  3    Str: 16    XL:     4   Next: 43%
Magic:  4/4        EV: 10    Int: 12    God:
Gold:   147        SH:  0    Dex: 10    Spells: 3/3 levels left

rFire    . . .     SeeInvis .   a - +0 short sword
rCold    . . .     Gourm    .   (no shield)
rNeg     . . .     Faith    .   y - +0 robe
rPois    .         Spirit   .   (helmet restricted)
rElec    .         Reflect  .   (no cloak)
rCorr    .         Harm     .   (gloves unavailable)
MR       .....                  (boots unavailable)
Stlth    +.........             (no amulet)
HPRegen  0.16/turn              (no ring)
MPRegen  0.09/turn              (no ring)

@: no status effects
A: large, unfitting armour, tough skin 1
a: no special abilities


You were on level 4 of the Dungeon.
You were hungry.

You visited 1 branch of the dungeon, and saw 4 of its levels.

You collected 147 gold pieces.

Inventory:

Hand Weapons
 a - a +0 short sword (weapon)
Missiles
 c - 3 large rocks (quivered)
 d - 2 throwing nets
 p - 60 poisoned needles
Armour
 y - a +0 robe (worn)
Scrolls
 b - 5 scrolls of identify {unknown}
 j - a scroll of blinking {unknown}
 l - a scroll of random uselessness {unknown}
 m - a scroll of immolation {unknown}
 o - 3 scrolls of teleportation {unknown}
 q - a scroll of magic mapping {unknown}
Potions
 e - 3 potions of might {unknown}
 g - a potion of ambrosia {unknown}
 h - a potion of brilliance {unknown}
 i - 2 potions of heal wounds {unknown}
 k - a potion of flight {unknown}
 n - 2 potions of curing {unknown}
 r - a potion of degeneration {unknown}
Comestibles
 f - 4 rations


   Skills:
 + Level 4.9 Fighting
 - Level 4.0 Throwing
 - Level 3.0 Dodging
 - Level 0.6 Stealth


You had 3 spell levels left.
You didn't know any spells.
Your spell library was empty.

Dungeon Overview and Level Annotations

Branches:
Dungeon (4/15)
 Temple: D:4-7

Altars:
Gozag
Hepliaklqana
Trog
Uskayaw
Vehumet


Innate Abilities, Weirdness & Mutations

You are too large for most types of armour.
You have tough skin. (AC +1)


Message History

The orc misses you.
You hit the orc.
You kill the orc!
Things that are here:
a +0 hand axe; a +0 leather armour; an orc corpse The phantom blinks!
The phantom barely misses you.
Things that are here:
a +0 hand axe; a +0 leather armour; an orc corpse You closely miss the phantom.
The phantom is severely damaged.
The phantom hits you but does no damage.
You closely miss the phantom.
The phantom is severely damaged.
The phantom hits you!
* * * LOW HITPOINT WARNING * * *
You hit the phantom but do no damage.
The phantom is severely damaged.
The phantom hits you!
You die...

......#######+#.##
......#..........
......#........# #
.....##........####.# #
....................#.#
.<...#............###?# .
...#.#............#... ..
##.#.#.........####.###...
#..............W@.........
.........######.#.........
##..###########.#.......$.
....# ..................
###.# .#......#..(......
#.# #.#########...... #.#
# ...... #.# ...... #.#
.....


You could see a phantom.

Vanquished Creatures
  2 oozes
  A worm (D:2)
  2 dart slugs
  2 orcs
  2 giant cockroaches
  5 goblins
  9 hobgoblins
  4 jackals (D:2)
  7 kobolds
  9 bats
  7 frilled lizards
  A leopard gecko skeleton (D:4)
  10 rats
61 creatures vanquished.

Notes
Turn   | Place    | Note
-------+----------+-------------------------------------------
     0 | D:1      | fly the Ogre Hunter began the quest for the Orb.
     0 | D:1      | Reached XP level 1. HP: 22/22 MP: 1/1
    25 | D:1      | You fall through a shaft!
    86 | D:2      | HP: 1/23 [jackal (2)]
   404 | D:1      | Reached XP level 2. HP: 31/31 MP: 2/2
   660 | D:1      | Reached XP level 3. HP: 30/39 MP: 3/3
  1812 | D:2      | Reached XP level 4. HP: 48/48 MP: 4/4
  2011 | D:2      | Found a hazy altar of Hepliaklqana.
  2483 | D:3      | Found a faded altar of an unknown god.
  2834 | D:3      | Found a hide-covered altar of Uskayaw.
  2836 | D:3      | Found a bloodstained altar of Trog.
  2837 | D:3      | Found an opulent altar of Gozag.
  2837 | D:3      | Found a radiant altar of Vehumet.
  3202 | D:4      | Noticed a phantom
  3233 | D:4      | Slain by a phantom

Skill      XL: |  1  2  3  4 |
---------------+-------------+-----
Fighting       | 3 4 |  4.9
Dodging        | 2 3 |  3.0
Throwing       | |  4.0
Stealth        | |  0.6

Action                   |  1- 3 |  4- 6 || total
-------------------------+-------+-------++-------
Melee: Short sword       |   171 |   125 ||   296
Throw: Large rock        |       |     2 ||     2
 Stab: Sleeping          |     2 |     1 ||     3
  Eat: Chunk             |     3 |     4 ||     7
Armor: Robe              |    52 |    36 ||    88
Dodge: Dodged            |    85 |    60 ||   145
